AoeStats
← mad Iltis

Coastal Forest

510414611Analyzed
4v4 RM · 2d ago on Sep 30, 2026· 75m 32s· 8 players
Game mode
Random Map
Map size
Large (8 player)
Population
200
Speed
Normal
Resources
Standard
Victory
Conquest
Starting age
Dark Age
Ending age
Imperial Age
RankedLock teamsTeams togetherTeam positionsShared explorationLock speedFull tech treeHidden civsTurbo modeCheats
Victory
Defeat
🇺🇸 Italians · United States
1343
+14
🇺🇸 Saxons · United States
1308
+15
🇷🇺 Goths · Russia
1266
+17
🇺🇸 Berbers · United States
1247
+18
🇦🇷 Khitans · Argentina
1339
-19
🇧🇬 Lithuanians · Bulgaria
1317
-17
🇩🇪 Persians · Germany
1276
-15
🇬🇷 Spanish · Greece
1227
-13
Bensun
6:04 Loom
8:41 Feudal Age
9:29 Double-Bit Axe
17:45 Scale Barding Armor
20:14 Castle Age
18:53 Forging
19:23 Horse Collar
21:24 Scale Mail Armor
25:47 Wheelbarrow
25:39 Squires
27:05 Fletching
28:16 Elite Skirmisher
29:13 Bodkin Arrow
29:52 Bow Saw
33:01 Chain Mail Armor
33:18 Heavy Plow
37:07 Imperial Age
35:32 Caravan
35:37 Arson
35:40 Gambesons
37:59 Hand Cart
38:34 Iron Casting
37:29 Elite Varangian Guard
38:12 Shield Wall
40:15 Plate Mail Armor
40:14 Gold Mining
40:56 Crop Rotation
41:45 Conscription
43:14 Town Watch
45:15 Hoardings
45:32 Town Patrol
47:09 Elite Hearth Troop
49:19 Gold Shaft Mining
52:03 Bloodlines
51:54 Husbandry
51:55 Bracer
51:56 Padded Archer Armor
52:18 Ballistics
52:58 Chemistry
52:48 Cranequins
53:46 Murder Holes
54:04 Masonry
54:53 Heavy Mounted Crossbowman
57:14 Leather Archer Armor
56:32 Elite Genitour
60:48 Thumb Ring
61:17 Ring Archer Armor
64:29 Siege Engineers
64:54 Architecture
Thor Odinson
4:26 Loom
11:05 Feudal Age
14:50 Horse Collar
15:02 Double-Bit Axe
23:18 Castle Age
23:19 Pikeman
24:19 Squires
24:04 Arson
32:18 Bow Saw
32:26 Scale Mail Armor
32:37 Forging
34:57 Wheelbarrow
37:28 Heavy Plow
42:12 Hand Cart
42:20 Husbandry
49:34 Imperial Age
51:04 Fletching
51:14 Padded Archer Armor
50:44 Capped Ram
52:33 Bodkin Arrow
54:16 Town Watch
55:51 Two-Man Saw
55:24 Crop Rotation
55:43 Bracer
57:02 Bloodlines
56:53 Husbandry
56:17 Light Cavalry
57:36 Leather Archer Armor
58:46 Hussar
59:48 Scale Barding Armor
60:19 Iron Casting
62:59 Caravan
64:47 Chain Barding Armor
65:28 Blast Furnace
67:24 Plate Barding Armor
68:47 Thumb Ring
68:06 Elite Skirmisher
69:12 Conscription
web
11:34 Feudal Age
15:06 Castle Age
14:13 Double-Bit Axe
14:10 Horse Collar
18:55 Wheelbarrow
18:41 Bow Saw
18:33 Heavy Plow
19:48 Loom
20:38 Wheelbarrow
21:16 Medium Warships
22:34 Hand Cart
25:11 Town Watch
29:03 Imperial Age
26:36 Husbandry
26:46 Bloodlines
26:38 Gold Mining
26:39 Stone Mining
27:52 Scale Barding Armor
27:57 Forging
30:01 Chain Barding Armor
30:42 Iron Casting
29:46 Heavy Camel Rider
33:23 Plate Barding Armor
35:17 Blast Furnace
35:43 Town Patrol
39:19 Conscription
40:47 Maghrebi Camels
41:20 Fletching
41:40 Siege Engineers
41:48 Masonry
43:11 Kasbah
43:47 Hoardings
46:40 Gold Shaft Mining
46:42 Stone Shaft Mining
50:32 Murder Holes
51:16 Caravan
57:14 Chemistry
56:21 Siege Engineers
58:58 Elite Camel Archer
59:53 Bodkin Arrow
59:58 Padded Archer Armor
60:20 Ballistics
64:05 Bracer
68:19 Leather Archer Armor
68:28 Light Cavalry
70:51 Hussar
72:34 Ring Archer Armor
AnonymousJohn
8:59 Loom
9:01 Loom
11:20 Feudal Age
15:40 Castle Age
13:29 Horse Collar
13:41 Double-Bit Axe
17:21 Bow Saw
22:13 Town Watch
24:28 Heavy Plow
27:18 Wheelbarrow
30:13 Imperial Age
29:13 Scale Mail Armor
29:23 Forging
29:45 Treadmill Crane
30:22 Chain Mail Armor
31:31 Iron Casting
30:18 Pikeman
30:59 Squires
31:46 Conscription
32:21 Perfusion
33:03 Hand Cart
32:24 Pikeman
36:44 Blast Furnace
37:36 Halberdier
39:56 Chemistry
39:07 Masonry
42:02 Anarchy
44:45 Architecture
44:10 Fletching
44:44 Ballistics
48:04 Man-at-Arms
49:37 Caravan
49:49 Guilds
50:09 Coinage
49:56 Bodkin Arrow
50:51 Long Swordsman
52:57 Two-Handed Swordsman
54:20 Bracer
59:26 Champion
62:10 Town Patrol
mad Iltis
10:05 Feudal Age
8:22 Loom
11:47 Scale Barding Armor
12:01 Double-Bit Axe
11:58 Horse Collar
15:27 Forging
16:33 Bloodlines
21:31 Castle Age
24:22 Bow Saw
24:23 Gold Mining
26:19 Chain Barding Armor
30:53 Wheelbarrow
30:49 Heavy Plow
34:03 Gold Shaft Mining
33:21 Stone Mining
34:16 Iron Casting
35:54 Stone Shaft Mining
38:00 Imperial Age
35:46 Hand Cart
36:12 Husbandry
37:44 Fletching
37:47 Cavalier
39:17 Bodkin Arrow
39:44 Ballistics
41:22 Citadels
50:03 Chemistry
52:26 Conscription
52:18 Town Watch
53:33 Caravan
54:39 Guilds
60:15 Savar
70:00 Hoardings
mog
7:19 Loom
10:04 Feudal Age
10:39 Double-Bit Axe
10:35 Horse Collar
13:57 Scale Barding Armor
14:02 Forging
16:21 Bloodlines
21:57 Castle Age
21:34 Wheelbarrow
20:59 Gold Mining
21:32 Town Watch
24:02 Fervor
25:44 Chain Barding Armor
25:34 Forging
27:05 Stone Mining
28:29 Stone Shaft Mining
29:00 Bow Saw
28:59 Heavy Plow
29:16 Husbandry
31:21 Hand Cart
33:37 Imperial Age
31:42 Treadmill Crane
32:44 Iron Casting
33:41 Cavalier
34:59 Plate Barding Armor
35:29 Two-Man Saw
35:01 Crop Rotation
35:42 Conscription
35:29 Town Patrol
36:24 Fletching
37:25 Bodkin Arrow
37:25 Paladin
39:51 Hoardings
39:20 Bracer
43:05 Masonry
42:51 Murder Holes
45:30 Padded Archer Armor
44:53 Light Cavalry
46:49 Leather Archer Armor
47:45 Chemistry
47:06 Ballistics
47:16 Architecture
47:12 Tower Shields
46:39 Elite Skirmisher
48:10 Thumb Ring
48:40 Ring Archer Armor
48:10 Scale Mail Armor
48:46 Pikeman
49:27 Squires
49:44 Halberdier
50:26 Onager
53:13 Caravan
55:53 Bombard Tower
55:48 Winged Hussar
Apsoutonas
10:14 Feudal Age
10:38 Horse Collar
10:45 Double-Bit Axe
11:19 Loom
12:10 Wheelbarrow
16:53 Castle Age
15:19 Gold Mining
15:23 Stone Mining
18:36 Fletching
18:43 Fletching
20:31 Gold Mining
23:56 Bow Saw
25:15 Bloodlines
25:26 Husbandry
32:20 Imperial Age
31:26 Scale Mail Armor
31:43 Forging
31:21 Pikeman
32:02 Squires
31:47 Gambesons
32:25 Heavy Plow
32:17 Arson
33:25 Conscription
33:26 Chain Mail Armor
33:47 Iron Casting
33:10 Halberdier
34:12 Elite Conquistador
54:54 Hand Cart
56:47 Plate Mail Armor
62:26 Town Watch
64:47 Caravan
67:30 Blast Furnace
66:39 Capped Ram
69:55 Siege Ram
[TodEs] The Andi
11:09 Feudal Age
12:11 Double-Bit Axe
15:06 Castle Age
13:25 Domestication
16:18 Bow Saw
18:48 Loom
22:57 Wheelbarrow
22:34 Gold Mining
23:21 Scale Barding Armor
24:38 Chain Barding Armor
24:30 Forging
24:37 Hand Cart
24:07 Town Watch
25:33 Husbandry
25:48 Stone Mining
26:01 Pastoralism
28:24 Iron Casting
27:40 Fletching
29:14 Stone Shaft Mining
32:48 Imperial Age
30:19 Town Patrol
31:57 Scale Mail Armor
33:08 Lamellar Armor
33:19 Chain Mail Armor
34:07 Plate Barding Armor
33:18 Treadmill Crane
34:13 Conscription
34:40 Plate Mail Armor
33:49 Elite Liao Dao
41:03 Bodkin Arrow
46:35 Masonry
47:58 Squires
47:43 Gambesons
47:44 Arson
47:48 Gambesons
50:41 Transhumance
51:12 Two-Man Saw
50:22 Siege Engineers
53:11 Bracer
56:48 Guilds
57:09 Coinage
62:40 Capped Ram
65:10 Padded Archer Armor
66:32 Thumb Ring
65:55 Elite Skirmisher
66:51 Leather Archer Armor
68:30 Ring Archer Armor
70:44 Chemistry
70:12 Ballistics
Connection lost

Rejoining the realm…

Still unreachable

The connection could not be restored.

Session expired

The server has moved on; the page needs a fresh start.